 Dungeon Crawl Stone Soup version 0.28.0-53-g5a82cb258f (webtiles) character file.

Game seed: 5267530839893202853

2355 Vriden the Cleaver (level 9, -1/78 HPs)
             Began as a Hill Orc Fighter on Aug 9, 2022.
             Killed themself with a badly aimed iceblast (10 damage)
             ... on level 7 of the Dungeon.
             The game lasted 00:23:07 (6247 turns).

Vriden the Cleaver (Hill Orc Fighter)               Turns: 6247, Time: 00:23:08

Health: -1/78      AC: 10    Str: 23    XL:     9   Next: 44%
Magic:  9/9        EV: 10    Int:  8    God:
Gold:   263        SH:  4    Dex: 10    Spells: 8/8 levels left

rFire   . . .      SeeInvis .   a - +0 war axe
rCold   . . .      Faith    .   c - +0 buckler
rNeg    . . .      Spirit   .   b - +0 scale mail
rPois   .          Reflect  .   (no helmet)
rElec   .          Harm     .   (no cloak)
rCorr   .          Rampage  .   g - +1 pair of gloves
Will    .....                   (no boots)
Stlth   ..........              (no amulet)
HPRegen 0.23/turn               (no ring)
MPRegen 0.11/turn               (no ring)

@: no status effects
A: no striking features
a: no special abilities


You were on level 7 of the Dungeon.
You visited 1 branch of the dungeon, and saw 7 of its levels.

You collected 263 gold pieces.

Inventory:

Hand Weapons
 a - a +0 war axe (weapon)
Missiles
 B - 3 atropa-tipped darts (quivered)
Armour
 b - a +0 scale mail (worn)
 c - a +0 buckler (worn)
 g - a +1 pair of gloves (worn)
 k - a +0 leather armour
 y - a +0 scale mail
Jewellery
 E - a ring of see invisible
 F - an amulet of the acrobat
Wands
 s - a wand of iceblast (18)
 x - a wand of mindburst (29)
 K - a wand of polymorph (3)
Scrolls
 f - 2 scrolls of identify
 i - 2 scrolls of immolation
 m - a scroll of holy word
 o - 3 scrolls of teleportation
 q - a scroll of fog {unknown}
 r - a scroll of silence {unknown}
 u - a scroll of enchant armour
 v - a scroll of enchant weapon {unknown}
 z - a scroll of amnesia {unknown}
 A - 2 scrolls of fear {unknown}
 D - a scroll of noise {unknown}
 H - a scroll of blinking {unknown}
Potions
 d - 2 potions of might
 e - a potion of attraction {unknown}
 h - a potion of berserk rage {unknown}
 j - 2 potions of brilliance
 n - a potion of mutation {unknown}
 p - a potion of curing
 t - a potion of lignification {unknown}
 w - 2 potions of haste
 C - a potion of flight {unknown}
 G - a potion of ambrosia {unknown}
 I - a potion of invisibility {unknown}
 J - a potion of magic {unknown}


   Skills:
 + Level 6.9 Fighting
 + Level 11.2 Axes
 + Level 7.3 Armour
 + Level 2.3 Dodging
 + Level 4.8 Shields
 + Level 1.1 Evocations


You had 8 spell levels left.
You didn't know any spells.
Your spell library contained the following spells:

 Spells                   Type           Power      Damage    Failure   Level
 Magic Dart               Conj           0%         1d3       78%         1
 Call Imp                 Summ           0%         N/A       89%         2
 Gell's Gravitas          Tloc           0%         N/A       98%         3
 Lesser Beckoning         Tloc           0%         N/A       98%         3
 Mephitic Cloud           Conj/Pois/Air  0%         N/A       98%         3
 Summon Guardian Golem    Hex/Summ       0%         N/A       98%         3
 Teleport Other           Tloc           0%         N/A       98%         3
 Blade Hands              Tmut           0%         N/A       100%        5
 Irradiate                Conj/Tmut      0%         3d13      100%        5
 Dragon Form              Tmut           0%         N/A       100%        7
 Orb of Destruction       Conj           0%         9d5       100%        7
 Spellforged Servitor     Conj/Summ      0%         N/A       100%        7


Dungeon Overview and Level Annotations

Branches:
Dungeon (7/15)             Temple (0/1) D:6

Altars:
Cheibriados
Dithmenos
Makhleb
Uskayaw
The Shining One

Shops:
D:1 (   D:5 *

Annotations:
D:6 exclusion: sky beast


Message History

The boomerang of dispersal barely misses you.
The orc throws a boomerang of dispersal.
You block the boomerang of dispersal.
The orc throws a boomerang of dispersal.
The boomerang of dispersal barely misses you.
A sky beast appears from thin air!
Reactivating autopickup.
The sky beast flickers out of sight!
Deactivating autopickup; reactivate with Ctrl-A.
A sky beast appears from thin air!
Reactivating autopickup.
The orc throws a boomerang of dispersal.
The boomerang of dispersal misses you.
Things that are here:
a +0 hand axe; an orc corpse
There is a stone staircase leading up here.
Items here: )) [ †.
You enter the shallow water.
Moving in this stuff is going to be slow.
Things that are here:
a +0 trident; a +0 chain mail
As you read the scroll of teleportation, it crumbles to dust.
You feel strangely unstable.
The sky beast hits you but does no damage.
As you read the scroll of teleportation, it crumbles to dust.
You feel strangely stable.
The sky beast hits you but does no damage.
Found 8 gold pieces.
The sky beast flickers out of sight!
Deactivating autopickup; reactivate with Ctrl-A.
You see here 8 gold pieces.
You now have 263 gold pieces (gained 8).
Aiming: Iceblast
Press: ? - help, Shift-Dir - straight line, f - bullfrog zombie
Aim: a bullfrog zombie (lightly damaged)
The mass of ice explodes!
The iceblast engulfs something!
The iceblast engulfs the bullfrog zombie!
The bullfrog zombie partially resists.
The bullfrog zombie is heavily damaged.
The iceblast engulfs you!
You die...

## #...# .####...#
..#.# ........#
##.#.#
.###....##........
...........# #.#.#
####.#.##### #.#.#
.......# #.#.#
...$...#######.#.#
............o.Z.@#
(......≈.......###
..:....#.#######
.......#.#
o......#.#
.<.....#o#
.......#<#
.......).#
.#########


You could see an orc and a bullfrog zombie.

Vanquished Creatures
  Prince Ribbit (D:6)
  3 yaks (D:6)
  An orc warrior (D:7)
  A sky beast (D:6)
  3 necrophages
  A black bear (D:6)
  2 ogres
  A phantom (D:5)
  3 water moccasin zombies (D:4)
  3 scorpions
  2 howler monkeys (D:6)
  2 hounds
  A bullfrog skeleton (D:6)
  An orc priest (D:6)
  3 iguanas
  Ijyb (D:3)
  3 scorpion zombies
  An orc wizard (D:7)
  A hound zombie (D:4)
  A howler monkey zombie (D:4)
  5 adders
  2 white imps
  2 ufetubi
  An adder skeleton (D:4)
  6 worms
  4 dart slugs (D:4)
  6 orcs
  5 ball pythons
  7 endoplasms
  A giant cockroach (D:2)
  3 hobgoblins
  7 jackals
  6 quokkas
  7 bats
  3 frilled lizards
  5 goblins
  3 kobolds
  7 rats
115 creatures vanquished.

Vanquished Creatures (others)
  8 withered plants (D:4)
8 creatures vanquished.

Grand Total: 123 creatures vanquished

Notes
Turn   | Place    | Note
-------+----------+-------------------------------------------
     0 | D:1      | Vriden the Hill Orc Fighter began the quest for the Orb.
     0 | D:1      | Reached XP level 1. HP: 19/19 MP: 1/1
    86 | D:1      | Reached XP level 2. HP: 18/27 MP: 2/2
   249 | D:1      | Found a faded altar of an unknown god.
   588 | D:1      | Reached skill level 3 in Axes
   594 | D:1      | Reached XP level 3. HP: 30/33 MP: 3/3
   658 | D:1      | Found Musucem's Weapon Shoppe.
  1719 | D:3      | Found a hide-covered altar of Uskayaw.
  1730 | D:3      | Found a shadowy altar of Dithmenos.
  1888 | D:3      | Found a burning altar of Makhleb.
  1894 | D:3      | Noticed Ijyb
  1901 | D:3      | Killed Ijyb
  1902 | D:3      | Reached XP level 4. HP: 41/41 MP: 4/4
  2014 | D:3      | Reached skill level 4 in Axes
  2380 | D:4      | Reached XP level 5. HP: 17/47 MP: 5/5
  2575 | D:4      | Noticed an ogre
  2585 | D:4      | Killed an ogre
  2586 | D:4      | Reached skill level 5 in Axes
  2586 | D:4      | Reached skill level 1 in Dodging
  2685 | D:4      | Noticed a necrophage
  2691 | D:4      | Killed a necrophage
  2692 | D:4      | Reached XP level 6. HP: 53/53 MP: 6/6
  2852 | D:4      | Reached skill level 6 in Axes
  2852 | D:4      | Reached skill level 5 in Armour
  2861 | D:4      | Reached XP level 7. HP: 39/60 MP: 7/7
  2872 | D:4      | Reached skill level 5 in Fighting
  3098 | D:4      | Reached skill level 7 in Axes
  3192 | D:4      | Found a snail-covered altar of Cheibriados.
  3514 | D:5      | Entered Level 5 of the Dungeon
  3806 | D:5      | Found a glowing golden altar of the Shining One.
  3819 | D:5      | Reached skill level 8 in Axes
  3819 | D:5      | Reached XP level 8. HP: 69/69 MP: 8/8
  4127 | D:5      | Found Sawug's General Store.
  4420 | D:6      | Noticed Prince Ribbit
  4425 | D:6      | Killed Prince Ribbit
  4426 | D:6      | Reached skill level 9 in Axes
  4822 | D:6      | Found a staircase to the Ecumenical Temple.
  4832 | D:6      | Noticed a yak
  4837 | D:6      | Noticed a yak
  4840 | D:6      | Noticed a yak
  4846 | D:6      | Killed a yak
  4847 | D:6      | Reached skill level 10 in Axes
  4847 | D:6      | Reached XP level 9. HP: 52/77 MP: 9/9
  4878 | D:6      | Reached skill level 1 in Evocations
  5406 | D:6      | Reached skill level 11 in Axes
  6214 | D:7      | HP: 2/78 [sky beast (6)]
  6247 | D:7      | Killed themself with a badly aimed iceblast

Illustrated notes

Levels and vault maps discovered:
D:1:      erik_arrival_blinker_ship, layout_loops_ring, serial_shops,
          nicolae_shop_bloodbath_and_beyond, shapermc_ecumenical_altar_ellora,
          nrook_campfire, minmay_crystal_water
D:2:      layout_loops_ring
D:3:      layout_loops_cross, mainiacjoe_overflow_cross_hatched,
          mainiacjoe_overflow_big_doors, uniq_ijyb
D:4:      layout_loops_cross, mainiacjoe_overflow_concentric_impassable,
          serial_undead, serial_undead_b, serial_undead_c, serial_undead_d,
          serial_undead_c
D:5:      layout_loops_ring, mainiacjoe_overflow_brackets, serial_shops,
          shop_fountains, nicolae_wormholes
D:6:      layout_loops_ring, minmay_temple_entry_waves,
          chequers_serial_rivers_large_a, nicolae_elevator_lobby_asterisk,
          uniq_prince_ribbit1
D:7:      layout_loops_ring, serial_glass, glass_columns_a, glass_columns_c,
          minmay_increasing_density, uniq_joseph

Skill      XL: |  1  2  3  4  5  6  7  8  9 |
---------------+----------------------------+-----
Fighting       | 4 5 6 |  6.9
Axes           | 3 4 5 6 8 10 11 | 11.2
Armour         | 4 5 6 7 |  7.3
Dodging        | 1 2 |  2.3
Shields        | 4 |  4.8
Evocations     | 1 |  1.1

Action                   |  1- 3 |  4- 6 |  7- 9 || total
-------------------------+-------+-------+-------++-------
Melee: War axe           |   114 |   112 |   244 ||   470
Evoke: Wand              |       |     2 |     8 ||    10
  Use: Potion            |       |     2 |     3 ||     5
       Scroll            |       |     2 |     5 ||     7
Armor: Scale mail        |    70 |    49 |   107 ||   226
Dodge: Dodged            |    51 |    51 |    88 ||   190
Block: Buckler           |    36 |    30 |    42 ||   108
